 Dungeon Crawl Stone Soup version 0.26.1-11-gd32895ea62 (webtiles) character file.

Game seed: 18354045326792758503

187 Kukuleta the Firebug (level 5, -11/38 HPs)
             Began as a Draconian Fire Elementalist on July 9, 2021.
             Mangled by Sigmund
             ... wielding a +0 scythe
              (14 damage)
             ... on level 3 of the Dungeon.
             The game lasted 00:16:00 (2933 turns).

Kukuleta the Firebug (Draconian Fire Elementalist)  Turns: 2933, Time: 00:16:01

Health: -11/38     AC:  5    Str: 11    XL:     5   Next: 39%
Magic:  1/10       EV: 12    Int: 16    God:
Gold:   81         SH:  0    Dex: 11    Spells: 9/10 levels left

rFire    x . .     SeeInvis .   n - +0 short sword
rCold    + . .     Faith    .   (no shield)
rNeg     . . .     Spirit   .   (armour unavailable)
rPois    .         Reflect  .   (helmet restricted)
rElec    .         Harm     .   (no cloak)
rCorr    .         Rampage  .   (no gloves)
Will     .....                  (no boots)
Stlth    ++........             (no amulet)
HPRegen  0.12/turn              j - ring of ice
MPRegen  0.12/turn              b - +4 ring of slaying

@: very slightly contaminated
A: unfitting armour, cold-blooded, AC +5
a: no special abilities


You were on level 3 of the Dungeon.
You visited 1 branch of the dungeon, and saw 3 of its levels.

You collected 81 gold pieces.

Inventory:

Hand Weapons
 c - a +0 club
 n - a +0 short sword (weapon)
Armour
 w - a +0 pair of boots
Jewellery
 b - a +4 ring of slaying (right hand)
 f - an uncursed ring of protection from fire
 j - a ring of ice (left hand)
 k - an uncursed ring of attention
 o - an uncursed amulet of guardian spirit {unknown}
Scrolls
 a - a scroll of fog {unknown}
 g - a scroll of magic mapping {unknown}
 l - a scroll of noise {unknown}
 m - 4 scrolls of identify {unknown}
 p - 2 scrolls of blinking {unknown}
 q - a scroll of amnesia {unknown}
 r - 2 scrolls of random uselessness {unknown}
 s - a scroll of fear {unknown}
 t - a scroll of enchant armour {unknown}
 u - a scroll of remove curse
Potions
 d - a potion of haste {unknown}
 e - 2 potions of cancellation {unknown}
 h - a potion of might {unknown}
 i - a potion of heal wounds {unknown}
 v - a potion of curing {unknown}


   Skills:
 - Level 2.0 Dodging
 - Level 2.0 Stealth
 + Level 3.3 Spellcasting
 + Level 2.7 Conjurations
 + Level 4.3 Fire Magic


You had 9 spell levels left.
You knew the following spells:

 Your Spells              Type           Power        Failure   Level
a - Foxfire               Conj/Fire      56%          4%          1

Your spell library contained the following spells:

 Spells                   Type           Power        Failure   Level
 Conjure Flame            Conj/Fire      14%          13%         3
 Inner Flame              Hex/Fire       9%           22%         3
 Sticky Flame             Conj/Fire      14%          38%         4
 Fireball                 Conj/Fire      7%           75%         5


Dungeon Overview and Level Annotations

Branches:
Dungeon (3/15)

Altars:

Annotations:
D:3 Sigmund


Innate Abilities, Weirdness & Mutations

Your plain brown scales are hard. (AC +5)
You cannot fit into any form of body armour.
You are cold-blooded and may be slowed by cold attacks.


Message History

You conjure some foxfire!
The foxfire hits Sigmund.
Sigmund is heavily wounded.
The foxfire hits Sigmund.
Sigmund is severely wounded.
Sigmund hits you from afar with a +0 scythe!
* * * LOW HITPOINT WARNING * * *
Casting: Foxfire (safe; 4% risk of failure)
Confirm with . or Enter, or press ? or * to list all spells.
You conjure some foxfire!
The foxfire hits Sigmund.
Sigmund is severely wounded.
The foxfire hits Sigmund.
Sigmund is almost dead.
Sigmund closely misses you.
Casting: Foxfire (safe; 4% risk of failure)
Confirm with . or Enter, or press ? or * to list all spells.
You conjure some foxfire!
Sigmund hits you from afar with a +0 scythe!
You die...

.....# #....# .# .
#.#..###.<# ...#
#v#...<..# #..#
#.....# ##...
###.### #...#
#.@..# #...# #....#
#...#
#§@v.##########...#
#§.v........(......
#..>.##########...#
#....# #.... ##.###
#...# ### #...#
#####


You could see Sigmund.

Vanquished Creatures
  An orc wizard (D:2)
  An orc priest (D:2)
  3 adders
  2 oozes
  2 worms
  4 dart slugs
  A leopard gecko (D:1)
  4 orcs (D:2)
  14 bats
  3 giant cockroaches
  9 hobgoblins
  7 jackals (D:1)
  4 kobolds
  2 quokkas
  A ball python (D:2)
  6 frilled lizards
  4 goblins
  7 rats
75 creatures vanquished.

Vanquished Creatures (others)
  149 foxfires
149 creatures vanquished.

Grand Total: 224 creatures vanquished

Notes
Turn   | Place    | Note
-------+----------+-------------------------------------------
     0 | D:1      | Kukuleta the Draconian Fire Elementalist began the quest
                  | for the Orb.
     0 | D:1      | Reached XP level 1. HP: 14/14 MP: 3/3
   209 | D:1      | Reached XP level 2. HP: 10/20 MP: 0/5
   666 | D:1      | Reached XP level 3. HP: 23/26 MP: 4/6
  1375 | D:2      | Reached XP level 4. HP: 24/33 MP: 3/8
  1877 | D:2      | Reached skill level 4 in Fire Magic
  1901 | D:2      | Reached XP level 5. HP: 5/38 MP: 6/9
  2909 | D:3      | Noticed Sigmund
  2933 | D:3      | Mangled by Sigmund

Illustrated notes

Levels and vault maps discovered:
D:1:      dpeg_arrival_short_road, layout_basic, st_stairs_4
D:2:      layout_loops_ring
D:3:      minmay_evil_eye, layout_rooms, uniq_terence, uniq_sigmund

Skill      XL: |  1  2  3  4 |
---------------+-------------+-----
Stealth        | 2 |  2.0
Dodging        | 2 |  2.0
Spellcasting   | 3 |  3.3
Conjurations   | 2 |  2.7
Fire Magic     | 4 |  4.3

Action                   |  1- 3 |  4- 6 || total
-------------------------+-------+-------++-------
Melee: Unarmed           |    14 |       ||    14
       Tailslap          |     8 |     5 ||    13
       Club              |    22 |       ||    22
       Short sword       |     5 |    36 ||    41
 Cast: Foxfire           |    46 |    44 ||    90
  Use: Scroll            |     2 |       ||     2
Armor: Skin              |    29 |    11 ||    40
Dodge: Dodged            |    48 |    34 ||    82
